 Dungeon Crawl Stone Soup version 0.27-a0-1324-ge0d8e047f6 (webtiles) character file.

Game seed: 16827246622296716515

420806 Kold the Hoplite (level 23, -6/148 (153) HPs)
             Began as a Gargoyle Fighter on June 21, 2021.
             Was the Champion of Okawaru.
             Mangled by a fire dragon (8 damage)
             ... on level 1 of the Depths on June 23, 2021.
             The game lasted 02:20:39 (55905 turns).

Kold the Hoplite (Gargoyle Fighter)                Turns: 55905, Time: 02:20:39

HP:   -6/148 (153)  AC: 55    Str: 28    XL:     23   Next: 70%
MP:   29/30         EV: 14    Int: 22    God:    Okawaru [******]
Gold: 1655          SH: 23    Dex: 15    Spells: 22/22 levels left

rFire    + + .     SeeInvis .   z - +5 eveningstar (flame)
rCold    + + .     Faith    +   Z - +5 kite shield {rC+ rF+}
rNeg     + . .     Spirit   .   T - +3 gold dragon scales
rPois    ∞         Reflect  .   L - +2 hat {Will+}
rElec    +         Harm     .   Y - scarf {repulsion}
rCorr    +         Rampage  .   k - +2 pair of gloves {Str+3}
Will     ++++.     Clarity  +   o - +1 pair of boots of Distant Worlds {Contam Will++ Regen+ Stlth+}
Stlth    ..........             a - amulet of Qazlal's Whim {Faith Int+6 Dex+2}
HPRegen  1.34/turn              H - ring "Gyblow" {rCorr EV+4 Int+4 Dex+2}
MPRegen  0.22/turn              V - +4 ring of protection

@: about to teleport, finesse-ful, flying, studying 2 skills, lightly drained,
repel missiles
A: sickness immunity, AC +17, big wings, negative energy resistance 1,
electricity resistance, torment resistance 1, petrification resistance, clarity,
sense surroundings 2, MP-powered wands
}: 2/15 runes: decaying, serpentine
a: Renounce Religion, Heroism, Finesse


You were on level 1 of the Depths.
You worshipped Okawaru.
Okawaru was exalted by your worship.
You visited 8 branches of the dungeon, and saw 39 of its levels.
You visited the Abyss 1 time.
You also visited: Sewer and Gauntlet.

You collected 5492 gold pieces.
You spent 3837 gold pieces at shops.

Inventory:

Hand Weapons
 z - a +5 eveningstar of flaming (weapon)
 P - a +6 demon whip of venom
Missiles
 c - 26 silver javelins (quivered)
Armour
 f - the +3 pair of seven-league boots {Rampage+∞}
   (You found it on level 3 of the Lair of Beasts)
 k - a +2 pair of gloves of strength (worn)
 o - the +1 pair of boots of Distant Worlds (worn) {Contam Will++ Regen+ Stlth+}
   (You found it on level 8 of the Dungeon)

   It causes magical contamination when unequipped.
   It increases your rate of health regeneration.
   It greatly increases your willpower.
   It makes you more stealthy.
 r - the +1 cloak of Starlight {*Dazzle EV+4 Stlth--}
   (Okawaru gifted it to you on level 4 of the Vaults)

   It affects your evasion (+4).
   It makes you much less stealthy.
 E - the +8 chain mail "Ruxku" {Str+2 Int+4}
   (Okawaru gifted it to you on level 2 of the Elven Halls)

   It affects your strength (+2).
   It affects your intelligence (+4).
 L - a +2 hat of willpower (worn)
 T - +3 gold dragon scales (worn)
 X - a +2 tower shield of poison resistance
 Y - a scarf of repulsion (worn)
 Z - a +5 kite shield of resistance (worn)
Jewellery
 a - the amulet of Qazlal's Whim (around neck) {Faith Int+6 Dex+2}
   (You acquired it on level 5 of the Dungeon)

   [amulet of faith]

   It allows you to gain divine favour quickly.
   It affects your intelligence (+6).
   It affects your dexterity (+2).
 i - a ring of flight
 s - the ring "Paaz Qyong" {Int+6 SInv}
   (You found it on level 1 of the Elven Halls)

   [ring of intelligence]

   It affects your intelligence (+6).
   It lets you see invisible.
 w - an amulet of guardian spirit
 D - an amulet of reflection
 H - the ring "Gyblow" (left hand) {rCorr EV+4 Int+4 Dex+2}
   (You bought it in a shop on level 3 of the Snake Pit)

   [ring of evasion]

   It affects your evasion (+4).
   It affects your intelligence (+4).
   It affects your dexterity (+2).
   It protects you from acid and corrosion.
 I - the amulet "Etiuffeq" {Acrobat Str+7}
   (You found it on level 3 of the Elven Halls)

   [amulet of the acrobat]

   It increases your evasion while moving and waiting.
   It affects your strength (+7).
 Q - a ring of protection from fire
 R - an amulet of regeneration
 V - a +4 ring of protection (right hand)
Wands
 j - a wand of digging (7)
 l - a wand of mindburst (7)
 v - a wand of acid (25)
 U - a wand of paralysis (60)
 W - a wand of iceblast (27)
Scrolls
 d - 35 scrolls of identify
 e - 10 scrolls of teleportation
 p - 2 scrolls of enchant weapon
 t - 3 scrolls of blinking
 u - 5 scrolls of fog
 x - 2 scrolls of summoning
 B - 3 scrolls of amnesia
 J - a scroll of holy word
 K - 4 scrolls of magic mapping
 M - 6 scrolls of fear
Potions
 b - 2 potions of magic
 g - 9 potions of heal wounds
 h - 4 potions of cancellation
 m - 22 potions of curing
 n - 6 potions of brilliance
 q - 2 potions of ambrosia
 A - a potion of invisibility
 F - 2 potions of berserk rage
 G - 5 potions of haste
 N - a potion of resistance
 S - 5 potions of might
Miscellaneous
 O - a phial of floods


   Skills:
 + Level 18.9 Fighting
 + Level 20.5 Maces & Flails
 - Level 4.0 Throwing
 + Level 18.9 Armour
 - Level 7.0 Dodging
 - Level 5.0 Stealth
 + Level 24.0 Shields
 - Level 10.0 Invocations


You had 22 spell levels left.
You didn't know any spells.
Your spell library contained the following spells:

 Spells                   Type           Power      Damage    Failure   Level
 Animate Skeleton         Necr           0%         N/A       91%         1
 Apportation              Tloc           0%         N/A       91%         1
 Beastly Appendage        Tmut           0%         N/A       91%         1
 Corona                   Hex            0%         N/A       91%         1
 Foxfire                  Conj/Fire      0%         2x1d4     91%         1
 Magic Dart               Conj           0%         1d3       91%         1
 Sandblast                Erth           0%         2d4       91%         1
 Shock                    Conj/Air       0%         1d3       91%         1
 Sting                    Tmut/Pois      0%         1d3       91%         1
 Summon Small Mammal      Summ           0%         N/A       91%         1
 Blink                    Tloc           N/A        N/A       97%         2
 Call Imp                 Summ           0%         N/A       97%         2
 Corpse Rot               Necr/Air       N/A        N/A       97%         2
 Passwall                 Tmut/Erth      0%         N/A       97%         2
 Poisonous Vapours        Pois/Air       0%         N/A       97%         2
 Searing Ray              Conj           0%         3d3       97%         2
 Slow                     Hex            0%         N/A       97%         2
 Static Discharge         Conj/Air       0%         N/A       97%         2
 Wereblood                Tmut           0%         N/A       97%         2
 Confusing Touch          Hex            0%         N/A       100%        3
 Conjure Flame            Conj/Fire      0%         6-21      100%        3
 Dazzling Flash           Conj/Hex       0%         N/A       100%        3
 Gell's Gravitas          Tloc           0%         N/A       100%        3
 Ignite Poison            Fire/Tmut/Pois 0%         N/A       100%        3
 Inner Flame              Hex/Fire       0%         N/A       100%        3
 Mephitic Cloud           Conj/Pois/Air  0%         N/A       100%        3
 Portal Projectile        Hex/Tloc       0%         N/A       100%        3
 Spider Form              Tmut/Pois      0%         N/A       100%        3
 Stone Arrow              Conj/Erth      0%         3d7       100%        3
 Swiftness                Air            0%         N/A       100%        3
 Airstrike                Air            0%         N/A       100%        4
 Animate Armour           Summ/Erth      0%         N/A       100%        4
 Animate Dead             Necr           0%         N/A       100%        4
 Dispel Undead            Necr           0%         3d6       100%        4
 Fulminant Prism          Conj/Hex       0%         3d6       100%        4
 Ice Form                 Ice/Tmut       0%         N/A       100%        4
 Iskenderun's Mystic Bla  Conj/Tloc      0%         2d3       100%        4
 Leda's Liquefaction      Hex/Erth       0%         N/A       100%        4
 Olgreb's Toxic Radiance  Pois           0%         N/A       100%        4
 Passage of Golubria      Tloc           N/A        N/A       100%        4
 Petrify                  Tmut/Erth      0%         N/A       100%        4
 Sticky Flame             Conj/Fire      0%         2d3       100%        4
 Summon Lightning Spire   Summ/Air       0%         N/A       100%        4
 Agony                    Necr           0%         N/A       100%        5
 Alistair's Intoxication  Tmut/Pois      0%         N/A       100%        5
 Bolt of Magma            Conj/Fire/Erth 0%         4d4       100%        5
 Borgnjor's Vile Clutch   Necr/Erth      0%         N/A       100%        5
 Excruciating Wounds      Necr           0%         N/A       100%        5
 Fireball                 Conj/Fire      0%         3d3       100%        5
 Freezing Cloud           Conj/Ice/Air   0%         6-21      100%        5
 Irradiate                Conj/Tmut      0%         3d13      100%        5
 Lee's Rapid Deconstruct  Erth           0%         3d5*      100%        5
 Lightning Bolt           Conj/Air       0%         1d11      100%        5
 Manifold Assault         Tloc           0%         N/A       100%        5
 Metabolic Englaciation   Hex/Ice        0%         N/A       100%        5
 Silence                  Hex/Air        0%         N/A       100%        5
 Summon Forest            Summ/Tloc      0%         N/A       100%        5
 Yara's Violent Unravell  Hex/Tmut       0%         3d3       100%        5
 Conjure Ball Lightning   Conj/Air       0%         3x3d6     100%        6
 Death Channel            Necr           0%         N/A       100%        6
 Dispersal                Tloc           0%         N/A       100%        6
 Eringya's Noxious Bog    Tmut/Pois      0%         N/A       100%        6
 Iron Shot                Conj/Erth      0%         9d1       100%        6
 Simulacrum               Ice/Necr       0%         N/A       100%        6
 Storm Form               Tmut/Air       0%         N/A       100%        7
 Summon Hydra             Summ           0%         N/A       100%        7
 Disjunction              Tloc           0%         N/A       100%        8
 Ignition                 Fire           0%         3d3       100%        8
 Polar Vortex             Ice            0%         N/A       100%        9
 Shatter                  Erth           0%         3d5*      100%        9
 Sublimation of Blood     Necr           Unusable   N/A       N/A         2
 Statue Form              Tmut/Erth      Unusable   N/A       N/A         6

Dungeon Overview and Level Annotations

Branches:
Dungeon (15/15)            Temple (0/1) D:6            Lair (6/6) D:11
  Swamp (4/4) Lair:4        Snake (4/4) Lair:3        Slime (0/5) Lair:5
    Orc (2/2) D:10            Elf (3/3) Orc:2        Vaults (4/5) D:14
  Crypt (0/3) Vaults:2     Depths (1/5) D:15          Sewer (visited)
Gauntlet (visited)

Altars:
Fedhas
Kikubaaqudgha
Makhleb
Okawaru
Uskayaw
Vehumet
Xom
Yredelemnul
Zin
Beogh
Jiyva

Shops:
D:1 [*[*?   D:5 !   Orc:1 *   Orc:2 :(??   Elf:2 *!*(=   Snake:2 ??
Snake:3 ==:=(*   Vaults:1 (   Vaults:2 [

Portals:
Trove: Vaults:2 (give +3 gold dragon scales)

Annotations:
Elf:3 1 exclusion


Innate Abilities, Weirdness & Mutations

You are immune to sickness and miasma.
Your stone body is resilient. (AC +17)
You are immune to poison.
Your large and strong wings let you fly.
You resist negative energy. (rN+)
You are resistant to electric shocks. (rElec)
You are resistant to unholy torment.
You are immune to petrification.
You possess an exceptional clarity of mind.
You passively map the area around you.
You expend magic power (3 MP) to strengthen your wands.


Message History

A fire dragon, a necromancer, a deep troll earth mage, a zombie and a simulacrum come into view.
The necromancer is wielding a staff of cold.
The fire dragon roars deafeningly!
The necromancer shouts!
You hear a deafening roar! x2
The fire dragon seems to regain its courage.
A fire dragon comes into view.
The frost giant zombie completely misses you.
A fire giant comes into view.
It is wielding a +1 great sword of flaming.
You hear two shouts!
Found 3 boomerangs of dispersal and a robe.
Items here: )) [[ †††.
You feel like a meek peon again. The ice dragon breathes frost at you.
The blast of cold hits you. You resist.
The necromancer gestures at you while chanting.
The bolt of negative energy misses you.
You hear a deafening roar!
You hear a horrible gurgling sound!
You hear a shout!
You hear a deafening roar! x2
You see here a +0 dagger.
As you read the scroll of teleportation, it crumbles to dust.
You feel strangely unstable.
You hear a deafening roar!
You hear a shout!
A deep troll earth mage comes into view.
The frost giant points at you and mumbles some strange words.
The bolt of cold hits the necromancer!
The necromancer resists.
The bolt of cold hits you!! You resist.
* * * LOW HITPOINT WARNING * * *
You barely miss the ice dragon. You hit the ice dragon.
You burn the ice dragon.
The ice dragon is lightly wounded.
You block the ice dragon's attack. x2; The ice dragon misses you.
The necromancer points at you and mumbles some strange words.
The bolt of negative energy hits you!! You partially resist.
You feel drained.
* * * LOW HITPOINT WARNING * * *
You hear a grinding noise.
The fire dragon bites you!
* * * LOW HITPOINT WARNING * * *
The fire dragon claws you but does no damage.
The fire dragon tramples you!
You die...

#...##...##.....#
* ,
#..##.....##....#
,, #..#.......#
...##,*
#..#.......#.....#
,
#..#.......#..D...
#..##......#..D.#*
* ##...##....Z...#
* #.....#####)T###
,
#.....@)pCZ#'...T.
, , #....DD....#
Z.... ,
#.).......## ,Z.##
* #...).....# '# ,
#...#.#..##,
**DC*, #..##.##.#
, , ,[ #.. .. ..'
, ,' #.. #.##.#. ,
, **, ** ,


You could see a frost giant, a fire dragon, an ice dragon (catching breath), a
deep troll earth mage, a necromancer and a deep troll earth mage simulacrum.

Vanquished Creatures
  Mennas (Vaults:2)
  the Lernaean hydra (Swamp:4)
  Jorgrun (D:12)
  4 deep elf master archers (Elf:3)
  3 deep elf blademasters (Elf:3)
  2 quicksilver dragons (Vaults:4)
  The ghost of bmj180 the Warrior, an adept MiFi of Okawaru (Swamp:2)
  4 tentacled starspawn (Abyss:4)
  Frances (D:13)
  5 sphinxes
  3 thorn hunters
  Donald (Vaults:3)
  A storm dragon (Vaults:4)
  Roxanne (Elf:3)
  2 shadow dragons
  7 nagarajas
  2 frost giants
  A fire giant (Vaults:3)
  2 orc warlords
  4 deep elf sorcerers (Elf:3)
  Louise (D:13)
  The ghost of MirrMurr the Blocker, a journeyman GnFi of Trog (D:12)
  The ghost of Nusazoba the Fighter, a journeyman MiFE of Sif Muna (Lair:5)
  7 vault wardens
  10 ironbound preservers
  4 deep elf elementalists
  4 stone giants
  A spriggan defender (Depths:1)
  2 very ugly things (Vaults:3)
  The ghost of Vicheoji the Thaumaturge, a journeyman DjVM of Nemelex Xobeh (Orc:1)
  2 war gargoyles
  Nessos (D:13)
  4 deep elf annihilators
  3 deep elf demonologists
  An entropy weaver (Gauntlet)
  5 dire elephants
  8 eleionomae
  A minotaur (Gauntlet)
  A crystal guardian (Vaults:3)
  3 fire dragons
  7 yaktaur captains
  An ettin (Vaults:4)
  5 deep elf death magi (Elf:3)
  3 shambling mangroves (Swamp:2)
  5 ironbound thunderhulks
  A great orb of eyes (shapeshifter) (Vaults:3)
  A deep elf high priest (Elf:3)
  3 peacekeepers (Vaults:3)
  Harold (D:12)
  5 great orbs of eyes
  6 boulder beetles
  19 naga warriors
  5 salamander tyrants
  24 hydras
  6 ogre magi
  A spriggan air mage (Depths:1)
  2 death knights (D:14)
  9 vault guards
  A ghost crab (Swamp:2)
  19 centaur warriors
  3 catoblepae
  13 two-headed ogres
  A death yak (D:11)
  3 tengu warriors
  6 alligators
  5 ironbound frosthearts
  17 anacondas
  31 dancing weapons
  A deep troll earth mage (Depths:1)
  7 ironbound beastmasters
  5 shock serpents
  Urug (D:12)
  15 naga sharpshooters
  3 thrashing horrors
  17 deep elf knights
  3 hell knights
  A wretched star (Abyss:4)
  Sonja (D:12)
  A fire crab (Lair:5)
  Nergalle (Lair:2)
  A spatial maelstrom (Abyss:4)
  4 sea snakes
  5 salamander mystics
  6 goliath frogs
  7 naga ritualists
  15 swamp dragons
  3 bog bodies
  2 spriggan druids
  11 deep elf archers
  13 ironbound convokers
  42 deep trolls
  8 orc knights
  A flayed ghost (Abyss:4)
  13 wizards
  4 phantasmal warriors
  11 lindwurms
  38 deep elf pyromancers
  A lindwurm (shapeshifter) (Vaults:2)
  3 glowing orange brains
  A wolf spider (shapeshifter) (Elf:2)
  31 deep elf zephyrmancers
  4 necromancers
  A stone giant zombie (Vaults:4)
  13 mana vipers
  11 orc sorcerers
  A manticore (shapeshifter) (Vaults:4)
  A manticore (D:14)
  37 ugly things
  6 will-o-the-wisps
  9 cyclopes
  32 salamanders
  9 guardian serpents
  5 elephants (Lair:6)
  Joseph (D:9)
  A molten gargoyle (Lair:6)
  An apocalypse crab (Abyss:4)
  20 vault sentinels
  41 black mambas
  13 cane toads
  20 naga magi
  A komodo dragon (shapeshifter) (Vaults:2)
  An unseen horror (Abyss:4)
  A gargoyle (D:13)
  4 kobold demonologists
  A redback zombie (D:15)
  2 freezing wraiths
  A tengu conjurer (D:14)
  An ice devil (Abyss:4)
  An efreet (D:14)
  2 ancient zymes (Abyss:4)
  17 komodo dragons
  31 yaktaurs
  5 polar bears
  A meliai (D:11)
  6 trolls
  A wolf spider simulacrum (Vaults:1)
  5 tyrant leeches
  A merfolk (shapeshifter) (Abyss:3)
  A human skeleton (Vaults:4)
  14 hornets
  2 raiju (Abyss:3)
  22 slime creatures
  2 meliai zombies
  7 dream sheep
  28 blink frogs
  A centaur simulacrum (D:14)
  A shadow (D:11)
  12 spriggans
  3 air elementals (Elf:1)
  A vampire (D:12)
  57 yaks
  7 wraiths
  A redback (Gauntlet)
  A tarantella (shapeshifter) (Vaults:4)
  11 wyverns
  2 basilisks (shapeshifter)
  9 basilisks
  10 water elementals
  2 fire bats (Lair:5)
  4 fire elementals
  9 humans (D:14)
  3 steam dragons
  14 vampire mosquitoes
  2 chaos spawn (Gauntlet)
  2 neqoxecs
  Grum (D:8)
  Menkaure (D:6)
  63 nagas
  13 swamp worms
  3 wargs
  2 acid dragons
  5 large abominations (Abyss:4)
  16 water moccasins
  4 swamp drakes (Swamp:4)
  7 hell hounds
  A meliai simulacrum (D:15)
  15 orc warriors
  An ettin simulacrum (Vaults:4)
  A black bear (D:4)
  18 wolves
  17 ogres
  6 centaurs
  2 boggarts (Vaults:2)
  A phantom (D:5)
  A glowing shapeshifter simulacrum (Vaults:4)
  6 kobold brigands
  4 small abominations
  3 earth elementals
  18 bullfrogs
  2 elf skeletons
  A gnoll sergeant (D:6)
  4 wights (D:8)
  3 killer bees (D:10)
  2 howler monkeys
  4 electric eels
  5 lava snakes (Lair:6)
  3 centaur zombies
  A quasit (Abyss:4)
  15 starcursed masses (Abyss:4)
  2 hounds
  2 jellies
  17 orc priests
  A bullfrog skeleton (D:3)
  4 centaur skeletons
  13 iguanas
  36 orc wizards
  6 hell rats (Lair:5)
  A hound zombie (D:5)
  A hound skeleton (D:4)
  A howler monkey zombie (D:9)
  5 gnolls
  3 adders
  5 river rats (Sewer)
  A shadow imp (D:6)
  A white imp (D:6)
  3 ufetubi
  An adder skeleton (D:3)
  5 worms
  A dart slug (D:3)
  76 orcs
  7 endoplasms
  4 giant cockroaches
  7 goblins
  5 hobgoblins
  5 jackals (D:3)
  31 kobolds
  11 quokkas
  13 ball pythons
  11 bats
  6 frilled lizards
  A quokka skeleton (D:4)
  24 rats
  5 starspawn tentacles (Abyss:4)
1687 creatures vanquished.

Vanquished Creatures (others)
  A frost giant (Depths:1)
  A deep elf knight (Elf:2)
  A shock serpent (Snake:4)
  A wizard (Vaults:1)
  A deep elf pyromancer (Elf:1)
  4 deep elf zephyrmancers
  A molten gargoyle (Lair:6)
  A naga mage (Snake:4)
  3 bloated husks
  A naga (Snake:3)
  A swamp drake (Swamp:4)
  2 boggarts (Vaults:2)
  A bush (Lair:5)
  14 demonic plants (Gauntlet)
  30 foxfires
  31 fungi
  A lurking horror (Abyss:4)
  53 plants
  8 starspawn tentacles (Abyss:4)
156 creatures vanquished.

Grand Total: 1843 creatures vanquished

Notes
Turn   | Place    | Note
-------+----------+-------------------------------------------
     0 | D:1      | Kold the Gargoyle Fighter began the quest for the Orb.
     0 | D:1      | Reached XP level 1. HP: 14/14 MP: 1/1
    61 | D:1      | Found Jylacyz's Assorted Antiques.
    63 | D:1      | Found a faded altar of an unknown god.
    70 | D:1      | Reached XP level 2. HP: 19/19 MP: 2/2
   108 | D:1      | Found Jasarofab's Antique Armour Shoppe.
   188 | D:1      | Found Vukoest's Magic Scroll Shop.
   297 | D:1      | Found Pyonneri's General Store.
   595 | D:1      | Found Koupticli's Antique Armour Emporium.
   609 | D:1      | Reached XP level 3. HP: 13/23 MP: 3/3
   630 | D:1      | Reached skill level 4 in Shields
  1899 | D:2      | Reached XP level 4. HP: 28/28 MP: 4/4
  2860 | D:3      | Found a hide-covered altar of Uskayaw.
  2879 | D:3      | Reached XP level 5. HP: 30/32 MP: 5/5
  3734 | D:3      | Reached skill level 5 in Maces & Flails
  4197 | D:4      | Noticed a black bear
  4550 | D:4      | Found a burning altar of Makhleb.
  4643 | D:4      | Reached XP level 6. HP: 26/37 MP: 6/6
  4713 | D:4      | Killed a black bear
  5340 | D:4      | Reached XP level 7. HP: 13/41 MP: 7/7
  5870 | D:5      | Entered Level 5 of the Dungeon
  6020 | D:5      | Found a glowing drain.
  6044 | Sewer    | Entered a sewer
  7172 | D:5      | Reached XP level 8. HP: 36/46 MP: 8/8
  7240 | D:5      | Identified the +2 mace "Gefietoreo" {protect, Fly rElec
                  | Str+5}
  7249 | D:5      | Found Usynwisch's Distillery.
  7994 | D:6      | Found an iron altar of Okawaru.
  8001 | D:6      | Became a worshipper of Warmaster Okawaru
  8010 | D:6      | Noticed a wraith
  8013 | D:6      | Noticed Menkaure
  8038 | D:5      | Killed a wraith
  8161 | D:5      | Identified a scroll of acquirement
  8161 | D:5      | Acquired the amulet of Qazlal's Whim {Faith Int+6 Dex+2}
  8252 | D:5      | Gained mutation: You are weak. (Str -2) [potion of
                  | mutation]
  8252 | D:5      | Gained mutation: You have a pair of small horns on your
                  | head. [potion of mutation]
  8268 | D:6      | Killed Menkaure
  8311 | D:6      | Found a blossoming altar of Fedhas.
  8511 | D:6      | Reached skill level 1 in Invocations
  8515 | D:5      | Reached * piety under Okawaru
  8815 | D:6      | Found a staircase to the Ecumenical Temple.
  8842 | D:6      | Reached skill level 10 in Maces & Flails
  8924 | D:6      | Noticed an angel
  8927 | D:6      | Found a shimmering altar of Xom.
  8928 | D:6      | Found a glowing silver altar of Zin.
  9225 | D:1      | Bought a pair of steaming boots for 199 gold pieces
  9225 | D:1      | Identified the +0 pair of boots of the Poles {Regen+} (You
                  | bought it in a shop on level 1 of the Dungeon)
  9764 | D:7      | Reached XP level 9. HP: 51/51 MP: 11/11
 10239 | D:7      | Reached ** piety under Okawaru
 10672 | D:8      | Identified the +1 pair of boots of Distant Worlds {Contam
                  | Will++ Regen+ Stlth+}
 10776 | D:8      | Noticed a centaur warrior
 10859 | D:8      | Found an ancient bone altar of Kikubaaqudgha.
 11032 | D:9      | Reached *** piety under Okawaru
 11069 | D:8      | Noticed Grum
 11134 | D:8      | Killed Grum
 11135 | D:8      | Reached XP level 10. HP: 51/56 MP: 10/12
 11348 | D:8      | Killed a centaur warrior
 11348 | D:8      | Reached **** piety under Okawaru
 11516 | D:8      | Received a gift from Okawaru
 11768 | D:8      | Reached skill level 1 in Stealth
 11977 | D:9      | Reached skill level 1 in Dodging
 12110 | D:9      | Noticed a kobold demonologist
 12223 | D:9      | Noticed a kobold demonologist
 12257 | D:9      | Lost mutation: You are weak. (Str -2) [potion of mutation]
 12257 | D:9      | Lost mutation: You have a pair of small horns on your head.
                  | [potion of mutation]
 12257 | D:9      | Gained mutation: Your body sometimes deteriorates upon
                  | taking damage. [potion of mutation]
 12257 | D:9      | Gained mutation: You are clumsy. (Dex -2) [potion of
                  | mutation]
 12415 | D:5      | Bought a potion of mutation for 112 gold pieces
 12415 | D:5      | Lost mutation: You are clumsy. (Dex -2) [potion of
                  | mutation]
 12415 | D:5      | Lost mutation: Your body sometimes deteriorates upon taking
                  | damage. [potion of mutation]
 12415 | D:5      | Gained mutation: You have a pair of small horns on your
                  | head. [potion of mutation]
 12415 | D:5      | Gained mutation: You passively map a small area around you.
                  | [potion of mutation]
 12415 | D:5      | Gained mutation: You passively map the area around you.
                  | [potion of mutation]
 12956 | D:9      | Noticed Joseph
 12957 | D:9      | Noticed a cyclops
 12962 | D:10     | Entered Level 10 of the Dungeon
 13072 | D:9      | Killed Joseph
 13078 | D:9      | Reached ***** piety under Okawaru
 13174 | D:9      | Noticed a soul eater
 13191 | D:9      | Killed a kobold demonologist
 13196 | D:9      | Killed a kobold demonologist
 13206 | D:9      | Reached XP level 11. HP: 28/62 MP: 8/13
 13212 | D:9      | Reached skill level 5 in Armour
 13261 | D:9      | Killed a cyclops
 13262 | D:9      | Reached skill level 5 in Fighting
 13644 | D:10     | Found a staircase to the Orcish Mines.
 14365 | D:11     | Noticed a boulder beetle
 14385 | D:11     | Killed a boulder beetle
 14386 | D:11     | Reached skill level 5 in Stealth
 14583 | D:11     | Noticed a cyclops
 14595 | D:11     | Killed a cyclops
 14665 | D:11     | Noticed a two-headed ogre
 14665 | D:11     | Noticed a death yak
 14705 | D:10     | Killed a two-headed ogre
 14860 | D:11     | Noticed a cyclops
 14869 | D:11     | Killed a cyclops
 14869 | D:11     | Reached ****** piety under Okawaru
 14872 | D:11     | Noticed a deep elf pyromancer
 14885 | D:11     | Killed a deep elf pyromancer
 14886 | D:11     | Reached skill level 5 in Invocations
 14893 | D:11     | Identified the +9 quick blade "Dygostracs" {flame, +Blink
                  | rPois} (Okawaru gifted it to you on level 11 of the
                  | Dungeon)
 14893 | D:11     | Received a gift from Okawaru
 14963 | D:11     | Noticed a cyclops
 15020 | D:11     | Killed a cyclops
 15286 | D:11     | Noticed an ogre mage
 15291 | D:11     | Reached XP level 12. HP: 73/73 MP: 16/16
 15304 | D:11     | Killed an ogre mage
 15551 | D:11     | Noticed a frost giant
 15712 | D:11     | Killed a death yak
 15754 | D:11     | Found a staircase to the Lair.
 15780 | D:11     | Killed a frost giant
 15780 | D:11     | Received a gift from Okawaru
 16118 | D:1      | Bought a +0 cloak for 54 gold pieces
 16118 | D:1      | Bought a +2 hat for 192 gold pieces
 16486 | Lair:1   | Entered Level 1 of the Lair of Beasts
 16767 | Lair:1   | Noticed a six-headed hydra
 16774 | Lair:1   | Reached skill level 10 in Fighting
 16793 | Lair:1   | Killed a six-headed hydra
 16794 | Lair:1   | Reached skill level 10 in Armour
 16927 | Lair:1   | Noticed a five-headed hydra
 16936 | Lair:1   | Killed a five-headed hydra
 17467 | Lair:1   | Reached XP level 13. HP: 84/84 MP: 17/17
 17883 | Lair:2   | Identified the +0 chain mail of Ruug {Harm Will+ Dex+3}
                  | (Okawaru gifted it to you on level 2 of the Lair of Beasts)
 17883 | Lair:2   | Received a gift from Okawaru
 18342 | Lair:2   | Noticed Nergalle
 18356 | Lair:2   | Killed Nergalle
 18792 | Lair:3   | Reached skill level 5 in Shields
 18860 | Lair:3   | Found a staircase to the Snake Pit.
 19028 | Lair:3   | Found the +3 pair of seven-league boots {Rampage+∞}
 19034 | Lair:3   | Reached skill level 6 in Shields
 19433 | Lair:2   | Received a gift from Okawaru
 19779 | Lair:4   | Found a staircase to the Swamp.
 19938 | Lair:3   | Reached skill level 7 in Shields
 20317 | Lair:4   | Gained mutation: Your large and strong wings let you fly.
                  | [Gargoyle growth]
 20317 | Lair:4   | Reached XP level 14. HP: 83/92 MP: 20/20
 20669 | Lair:4   | Reached skill level 8 in Shields
 20843 | Lair:5   | Acquired a manual of Shields
 20845 | Lair:5   | Upgraded the game from 0.27-a0-1319-geec4fb4e21 to
                  | 0.27-a0-1322-gfdffb62a71
 20942 | Lair:5   | Found a transporter.
 20954 | Lair:5   | Found a viscous altar of Jiyva.
 20955 | Lair:5   | Found a staircase to the Slime Pits.
 20979 | Lair:5   | Found a runed translucent gate.
 20979 | Lair:5   | Found a runed translucent gate.
 20979 | Lair:5   | Found a runed translucent gate.
 20980 | Lair:5   | Noticed Nusazoba's ghost (journeyman MiFE)
 21118 | Lair:5   | Reached skill level 9 in Shields
 21479 | Lair:5   | Found a transporter.
 21857 | Lair:6   | Entered Level 6 of the Lair of Beasts
 21957 | Lair:5   | Reached skill level 10 in Invocations
 22032 | Lair:6   | Reached skill level 10 in Shields
 22063 | Lair:6   | Received a gift from Okawaru
 22226 | Lair:6   | Reached skill level 11 in Shields
 22301 | Lair:6   | Identified the +1 scale mail of the Moon {rN++ Will+ Int+2}
 22474 | Lair:6   | Reached skill level 15 in Maces & Flails
 22602 | Lair:6   | Reached skill level 12 in Shields
 22826 | Lair:6   | Received a gift from Okawaru
 22948 | Lair:6   | Found a large runed translucent door.
 22948 | Lair:6   | Found a large runed translucent door.
 22994 | Lair:6   | Reached XP level 15. HP: 76/96 MP: 22/22
 22999 | Lair:6   | Reached skill level 13 in Shields
 23460 | Lair:5   | Killed Nusazoba's ghost
 24095 | D:12     | Received a gift from Okawaru
 24115 | D:12     | Reached skill level 14 in Shields
 24193 | D:12     | Noticed Sonja
 24213 | D:12     | Found a runed translucent door.
 24222 | D:12     | Killed Sonja
 24305 | D:12     | Noticed MirrMurr's ghost (journeyman GnFi)
 24308 | D:12     | Identified the +3 spear of Midwinter {pain, +Rage}
 24324 | D:12     | Noticed Jorgrun
 24350 | D:12     | Killed Jorgrun
 24657 | D:12     | Reached skill level 15 in Shields
 24852 | D:13     | Noticed Nessos
 24908 | D:13     | Killed Nessos
 24996 | D:13     | Noticed Urug
 24997 | D:13     | Noticed Harold
 24998 | D:13     | Noticed Louise
 25283 | D:12     | Killed Urug
 25283 | D:12     | Received a gift from Okawaru
 25424 | D:12     | Killed Harold
 25449 | D:13     | Cast into level 3 of the Abyss (Louise)
 25557 | Abyss:4  | Noticed a tentacled starspawn
 25562 | Abyss:4  | Noticed a tentacled starspawn
 25570 | Abyss:4  | Killed a tentacled starspawn
 25571 | Abyss:4  | Reached skill level 16 in Shields
 25576 | Abyss:4  | Killed a tentacled starspawn
 25633 | Abyss:4  | Paralysed by accursed screaming for 2 turns
 25799 | Abyss:4  | Noticed a tentacled starspawn
 25818 | Abyss:4  | Noticed a tentacled starspawn
 25842 | Abyss:4  | Killed a tentacled starspawn
 25857 | Abyss:4  | Reached skill level 17 in Shields
 25861 | Abyss:4  | Noticed an angel
 25909 | Abyss:4  | Noticed a kraken
 25935 | Abyss:4  | Noticed a tentacled starspawn
 25948 | Abyss:4  | Killed a tentacled starspawn
 25958 | Abyss:4  | Paralysed by accursed screaming for 1 turns
 26074 | D:13     | Escaped the Abyss
 26332 | D:13     | Killed Louise
 26333 | D:13     | Reached XP level 16. HP: 101/101 MP: 23/23
 26481 | D:13     | Received a gift from Okawaru
 26563 | D:13     | Noticed Frances
 26595 | D:13     | Killed Frances
 26949 | D:14     | Reached skill level 18 in Shields
 27142 | D:14     | Found a gate to the Vaults.
 27200 | D:14     | Found a gate leading to a gauntlet.
 27242 | Gauntlet | Entered a Gauntlet
 27242 | Gauntlet | Found a transporter.
 27242 | Gauntlet | Found a transporter.
 27247 | Gauntlet | Found a transporter.
 27259 | Gauntlet | Found a transporter.
 27268 | Gauntlet | Found a transporter.
 27275 | Gauntlet | Found a transporter.
 27276 | Gauntlet | Found a transporter.
 27278 | Gauntlet | Found a transporter.
 27282 | Gauntlet | Found a transporter.
 27316 | Gauntlet | Found a transporter.
 27325 | Gauntlet | Found a transporter.
 27334 | Gauntlet | Found a transporter.
 27380 | Gauntlet | Found a transporter.
 27396 | Gauntlet | Found a transporter.
 27496 | Gauntlet | Found a transporter.
 27510 | Gauntlet | Found a transporter.
 27600 | Gauntlet | Gained mutation: Your body sometimes deteriorates upon
                  | taking damage. [a neqoxec]
 27607 | Gauntlet | Gained mutation: You are clumsy. (Dex -2) [a neqoxec]
 27984 | Gauntlet | Identified the +6 fustibalus "Zoqoigum" {venom, Dex+6}
 28003 | Gauntlet | Received a gift from Okawaru
 28015 | Gauntlet | Identified the ring "Tamiskur" {Wiz Fly rElec rC- Int+6}
 28341 | D:14     | Reached skill level 19 in Shields
 28353 | D:14     | Received a gift from Okawaru
 29136 | D:15     | Entered Level 15 of the Dungeon
 29497 | D:12     | Reached skill level 20 in Shields
 29565 | D:12     | Killed MirrMurr's ghost
 29957 | D:1      | Bought a scroll of enchant armour for 90 gold pieces
 29975 | D:1      | Bought a scroll of enchant armour for 97 gold pieces
 29975 | D:1      | Bought a scroll of teleportation for 39 gold pieces
 29975 | D:1      | Bought a scroll of teleportation for 39 gold pieces
 29975 | D:1      | Bought a scroll of teleportation for 39 gold pieces
 30426 | D:15     | Found a blossoming altar of Fedhas.
 30601 | D:15     | Received a gift from Okawaru
 30617 | D:15     | Reached XP level 17. HP: 103/106 MP: 24/24
 30894 | D:15     | Found a staircase to the Depths.
 31280 | Swamp:1  | Entered Level 1 of the Swamp
 32330 | Swamp:2  | Received a gift from Okawaru
 32604 | Swamp:2  | Found a runed translucent gate.
 32604 | Swamp:2  | Found a runed translucent gate.
 32747 | Swamp:2  | Found a runed translucent gate.
 32761 | Swamp:2  | Noticed bmj180's ghost (adept MiFi)
 34274 | Swamp:4  | Entered Level 4 of the Swamp
 34452 | Swamp:4  | Reached skill level 5 in Dodging
 34834 | Swamp:4  | Received a gift from Okawaru
 35000 | Swamp:4  | Noticed the 27-headed Lernaean hydra
 35016 | Swamp:4  | Killed the 27-headed Lernaean hydra
 35071 | Swamp:4  | Reached XP level 18. HP: 112/114 MP: 25/25
 35242 | Swamp:4  | Got a decaying rune of Zot
 35647 | Orc:1    | Entered Level 1 of the Orcish Mines
 35828 | Orc:2    | Entered Level 2 of the Orcish Mines
 35986 | Orc:2    | Found a staircase to the Elven Halls.
 35988 | Orc:2    | Found an ancient bone altar of Kikubaaqudgha.
 36089 | Orc:2    | Found Wunetti's Magic Scroll Emporium.
 36113 | Orc:2    | Bought a scroll of acquirement for 832 gold pieces
 36113 | Orc:2    | Acquired 407 gold pieces
 36297 | Orc:2    | Found a radiant altar of Vehumet.
 36326 | Orc:2    | Received a gift from Okawaru
 36336 | Orc:2    | Found Huogeur's Magic Scroll Shoppe.
 36336 | Orc:2    | Found Hiorpham's Antique Weapon Emporium.
 36396 | Orc:2    | Found Noll's Book Emporium.
 36837 | Swamp:2  | Killed bmj180's ghost
 36844 | Swamp:2  | Identified the +3 morningstar of Tentacled Defence {pain,
                  | rN+}
 36889 | Swamp:2  | Lost mutation: You are clumsy. (Dex -2) [potion of
                  | mutation]
 36889 | Swamp:2  | Lost mutation: You have a pair of small horns on your head.
                  | [potion of mutation]
 36889 | Swamp:2  | Lost mutation: Your body sometimes deteriorates upon taking
                  | damage. [potion of mutation]
 36889 | Swamp:2  | Gained mutation: You possess an exceptional clarity of
                  | mind. [potion of mutation]
 36889 | Swamp:2  | Gained mutation: You expend magic power (3 MP) to
                  | strengthen your wands. [potion of mutation]
 37195 | Vaults:1 | Entered Level 1 of the Vaults
 37535 | Vaults:1 | Received a gift from Okawaru
 37657 | Vaults:1 | Reached skill level 21 in Shields
 37781 | Vaults:1 | Found Umajirch's Antique Weapon Emporium.
 38282 | Vaults:1 | Received a gift from Okawaru
 38367 | Vaults:1 | Reached XP level 19. HP: 66/121 MP: 26/26
 39281 | Orc:1    | Found a runed translucent door.
 39281 | Orc:1    | Found a shimmering altar of Xom.
 39281 | Orc:1    | Noticed Vicheoji's ghost (journeyman DjVM)
 39293 | Orc:1    | Found Uvyum's Gadget Gallery.
 39533 | Orc:1    | Killed Vicheoji's ghost
 39684 | Elf:1    | Entered Level 1 of the Elven Halls
 40031 | Elf:1    | Identified the ring "Paaz Qyong" {Int+6 SInv}
 40361 | Elf:1    | Identified the Volume of Conjuration
 40702 | Elf:2    | Found Byukhia's Weapon Emporium.
 40917 | Elf:2    | Found Aliuhink's Assorted Antiques.
 40928 | Elf:2    | Received a gift from Okawaru
 40932 | Elf:2    | Bought a scroll labelled NUAMEU RUSHEIRISM for 34 gold
                  | pieces
 41144 | Elf:2    | Found Jiuwefie's General Store.
 41213 | Elf:2    | Reached skill level 1 in Throwing
 41316 | Elf:2    | Found a runed translucent gate.
 41316 | Elf:2    | Found a runed translucent gate.
 41335 | Elf:2    | Found a runed translucent gate.
 41394 | Elf:2    | Found Ymarouchu's Jewellery Shoppe.
 41616 | Elf:2    | Found Fomepp's Distillery.
 41737 | Elf:2    | Reached skill level 15 in Fighting
 41819 | Elf:2    | Reached skill level 15 in Armour
 41957 | Elf:2    | Identified the +8 chain mail "Ruxku" {Str+2 Int+4} (Okawaru
                  | gifted it to you on level 2 of the Elven Halls)
 41957 | Elf:2    | Received a gift from Okawaru
 42207 | Elf:3    | Entered Level 3 of the Elven Halls
 42464 | Elf:3    | Reached XP level 20. HP: 129/129 MP: 27/27
 42712 | Elf:3    | Noticed Roxanne
 43545 | Elf:3    | Noticed a Brimstone Fiend
 43548 | Elf:3    | Reached skill level 22 in Shields
 43632 | Elf:3    | Noticed a Tzitzimitl
 43908 | Elf:3    | Identified the +0 ring mail "Addecloi" {rF++}
 44107 | Elf:3    | Received a gift from Okawaru
 44137 | Elf:3    | Identified the +5 chain mail of Day {rF+ rN+}
 44139 | Elf:3    | Identified the amulet "Etiuffeq" {Acrobat Str+7}
 44148 | Elf:3    | Identified the ring "Uxtebb" {Ice Stlth+}
 44164 | Elf:3    | Identified the Guide on Damage Dealing
 44218 | Elf:3    | Found the +8 arc blade {discharge, rElec}
 44243 | Elf:3    | Identified the Tome of Gliding Poisoning
 44244 | Elf:3    | Found the +3 sling "Punk" {acid, rCorr}
 44490 | Elf:3    | Killed Roxanne
 44737 | Snake:1  | Entered Level 1 of the Snake Pit
 44880 | Snake:1  | Received a gift from Okawaru
 45200 | Elf:2    | Bought a +4 ring of evasion for 576 gold pieces
 46531 | Snake:2  | Found Vogryahia's Magic Scroll Shop.
 46531 | Snake:2  | Found Rioroeh's Magic Scroll Boutique.
 46539 | Snake:2  | Bought a scroll of blinking for 112 gold pieces
 46539 | Snake:2  | Bought a scroll of enchant weapon for 112 gold pieces
 46547 | Snake:2  | Bought a scroll of brand weapon for 260 gold pieces
 46547 | Snake:2  | Bought a scroll of enchant armour for 97 gold pieces
 46547 | Snake:2  | Bought a scroll of enchant armour for 97 gold pieces
 46659 | Snake:2  | Received a gift from Okawaru
 46701 | Snake:2  | Reached XP level 21. HP: 136/136 MP: 28/28
 46789 | Snake:2  | Identified the +2 ring mail of the Distant Future {+Inv rC+
                  | Dex-5}
 47388 | Snake:3  | Found Diatou's General Store.
 47735 | Snake:2  | Upgraded the game from 0.27-a0-1322-gfdffb62a71 to
                  | 0.27-a0-1324-ge0d8e047f6
 47796 | Snake:3  | Received a gift from Okawaru
 48147 | Snake:3  | Found Takim's Jewellery Boutique.
 48147 | Snake:3  | Found Canwoa's Jewellery Emporium.
 48158 | Snake:3  | Found Iganekhloa's Jewellery Shop.
 48160 | Snake:3  | Found Buzupn's Book Boutique.
 48160 | Snake:3  | Found Ebutt's Antique Weapon Emporium.
 48174 | Snake:3  | Bought the ring "Gyblow" {rCorr EV+4 Int+4 Dex+2} for 856
                  | gold pieces
 48277 | Snake:3  | Found a basalt altar of Yredelemnul.
 48442 | Snake:3  | Found an ancient bone altar of Kikubaaqudgha.
 48487 | Snake:3  | Found a radiant altar of Vehumet.
 48583 | Snake:4  | Entered Level 4 of the Snake Pit
 49281 | Snake:4  | Received a gift from Okawaru
 49746 | Snake:4  | Got a serpentine rune of Zot
 50057 | Snake:4  | Reached skill level 23 in Shields
 50057 | Snake:4  | Reached XP level 22. HP: 145/145 MP: 29/29
 50560 | Vaults:2 | Found a portal to a secret trove of treasure.
 50719 | Vaults:2 | Received a gift from Okawaru
 50996 | Vaults:2 | Noticed Mennas
 51041 | Vaults:2 | Killed Mennas
 51105 | Vaults:2 | Found Nuejuuh's Armour Boutique.
 51179 | Vaults:2 | Identified the +8 lajatang of the Magic Mushroom {speed,
                  | rCorr Str+6 Int+3 Dex-3}
 51236 | Vaults:2 | Found a staircase to the Crypt.
 51236 | Vaults:2 | Found an ancient bone altar of Kikubaaqudgha.
 51237 | Vaults:2 | Found a basalt altar of Yredelemnul.
 52250 | Vaults:3 | Noticed Donald
 52261 | Vaults:3 | Killed Donald
 52261 | Vaults:3 | Received a gift from Okawaru
 52706 | Vaults:3 | Received a gift from Okawaru
 52963 | Vaults:3 | Reached XP level 23. HP: 151/152 MP: 30/30
 54240 | Vaults:4 | Received a gift from Okawaru
 54241 | Vaults:4 | Found the +1 cloak of Starlight {*Dazzle EV+4 Stlth--}
 54386 | Vaults:4 | Found a huge runed gate.
 54386 | Vaults:4 | Found a huge runed gate.
 54386 | Vaults:4 | Found a huge runed gate.
 54388 | Vaults:4 | Found a huge runed gate.
 54388 | Vaults:4 | Found a huge runed gate.
 54388 | Vaults:4 | Found a huge runed gate.
 54389 | Vaults:4 | Found a huge runed gate.
 54389 | Vaults:4 | Found a huge runed gate.
 54389 | Vaults:4 | Found a huge runed gate.
 54390 | Vaults:4 | Found a huge runed gate.
 54968 | Vaults:4 | Found a huge runed gate.
 54968 | Vaults:4 | Found a huge runed gate.
 54968 | Vaults:4 | Found a huge runed gate.
 54968 | Vaults:4 | Found a huge runed gate.
 54968 | Vaults:4 | Found a huge runed gate.
 54968 | Vaults:4 | Found a huge runed gate.
 54969 | Vaults:4 | Found a huge runed gate.
 54970 | Vaults:4 | Found a huge runed gate.
 54971 | Vaults:4 | Found a huge runed gate.
 54979 | Vaults:4 | Found a huge runed gate.
 54979 | Vaults:4 | Found a huge runed gate.
 54979 | Vaults:4 | Found a huge runed gate.
 54979 | Vaults:4 | Found a huge runed gate.
 54979 | Vaults:4 | Found a huge runed gate.
 54979 | Vaults:4 | Found a huge runed gate.
 54980 | Vaults:4 | Found a huge runed gate.
 54981 | Vaults:4 | Found a huge runed gate.
 54982 | Vaults:4 | Found a huge runed gate.
 54990 | Vaults:4 | Found a huge runed gate.
 54990 | Vaults:4 | Found a huge runed gate.
 54990 | Vaults:4 | Found a huge runed gate.
 54990 | Vaults:4 | Found a huge runed gate.
 54990 | Vaults:4 | Found a huge runed gate.
 54990 | Vaults:4 | Found a huge runed gate.
 54991 | Vaults:4 | Found a huge runed gate.
 54992 | Vaults:4 | Found a huge runed gate.
 55643 | Depths:1 | Entered Level 1 of the Depths
 55754 | Depths:1 | Reached skill level 24 in Shields
 55777 | Depths:1 | Received a gift from Okawaru
 55905 | Depths:1 | HP: 2/148 [fire dragon (11)]
 55905 | Depths:1 | Mangled by a fire dragon

Illustrated notes

Levels and vault maps discovered:
D:1:      evilmike_arrival_hilbert_curve, layout_basic,
          ebering_ecumenical_altar_sacrificial, serial_shops, shop,
          nicolae_shop_temple_entry_statues_fountains, shop,
          nicolae_shop_overgrown_old_shop, shop_coins
D:2:      layout_loops_ring, kennysheep_generic_room_9
D:3:      layout_loops_corners, eat_drink_and_be_merry_uskayaw
D:4:      layout_loops_corners, kennysheep_mini_moat, serial_aquarium,
          aquarium_bridge_straight [aquarium_subvault_bridge,
          aquarium_subvault_wall, aquarium_subvault_bridge,
          aquarium_subvault_balcony], aquarium_window_fake,
          aquarium_window_fake, aquarium_view_2b, aquarium_view_2c,
          aquarium_pool_2
D:5:      layout_loops_corners, serial_shops, shop, gup_sewer_entry_pipe
D:6:      layout_rooms, nicolae_overflow_crystal_walls,
          okawaru_metal_pillars_1_2, grunt_temple_overflow_order_and_chaos_1,
          minmay_temple_entry_arrows, uniq_menkaure
D:7:      layout_basic, grunt_decor_arrowhead, grunt_ministairs_14,
          nrook_mini_backslash, lightli_orcish_oven
D:8:      layout_cave_pods, overflow_temple_1_default, minmay_manual_monstrance,
          uniq_grum
D:9:      layout_irregular_city, serial_co_window_serial, co_window_paths_a,
          co_window_corner_a, co_window_corner_a, co_window_paths_b,
          co_window_corner_a, co_window_corner_cb, co_window_of_opportunity_b,
          co_window_2corner, co_window_broadway_c, co_window_paths_d,
          co_window_sun, glass_columns_b, glass_columns_a, glass_columns_b,
          glass_columns_b, uniq_joseph
D:10:     layout_cave_pods, minmay_orc_entry_temple_small, bh_walls_and_bars
D:11:     nzn_winding_woodlands_stair_cross
          [nzn_winding_woodlands_5x15_pathside_ponds,
          nzn_winding_woodlands_center_triple_pond,
          nzn_winding_woodlands_5x15_sawtooth,
          nzn_winding_woodlands_5x5_checkerboard,
          nzn_winding_woodlands_hourglass, nzn_winding_woodlands_5x15_garden,
          nzn_winding_woodlands_center_diamonds,
          nzn_winding_woodlands_5x15_lazy_stream], layout_loops_ring,
          david_lair_generic, nicolae_underground_beach
D:12:     layout_loops_ring, ebering_ghost_funeral_grove,
          corexii_hall_statues_deadend, uniq_jorgrun, uniq_sonja
D:13:     layout_gridville, sword_in_stone, uniq_frances, uniq_nessos
D:14:     minmay_big_diamond_grid, layout_irregular_city,
          ximxim_vaults_locker_room, gauntlet_entry_generic,
          chequers_serial_rivers_large_a
D:15:     grunt_enter_depths_magical_seal, layout_basic, fedhas_altar_1
Lair:1:   beast_lair_carwin_large_3, layout_cave_pods
Lair:2:   cheibrodos_lair_river_kwai, layout_regular_city, uniq_nergalle
Lair:3:   layout_chaotic_city, guppyfry_snake_entry_garden,
          hellmonk_guarded_unrand_seven_league_boots, serial_bayou_shore_a
Lair:4:   layout_cave_pods, swamp_mist, grunt_megastairs_5
Lair:5:   gammafunk_cloud_chamber, layout_small_grid, slime_altar_1,
          gammafunk_ghost_hydra_chop, grunt_megastairs_1
Lair:6:   cheibrodos_lair_end_hotspot, layout_regular_city,
          infiniplex_staircase_pool
Swamp:1:  layout_basic_swamp, evilmike_swamp_ruin_house_2
Swamp:2:  layout_basic_swamp, gammafunk_ghost_split, nicolae_swamp_fairy_circle,
          swamp_pool4
Swamp:3:  layout_falls_marsh, serial_swamp_ruin, evilmike_swamp_ruin_rubble_1,
          evilmike_swamp_ruin_house_6, evilmike_swamp_ruin_house_3, swamp_pool4
Swamp:4:  swamp_old_school, layout_basic_swamp
Snake:1:  layout_layer_cave
Snake:2:  layout_gridlike, guppyfry_snake_island, minmay_shoptagon
Snake:3:  nicolae_snake_hallway, layout_misc_corridors, basic_altar,
          nicolae_stop_n_shop_2, hangedman_feature_mirror,
          nicolae_wooded_promenade, nicolae_snake_scaly_snakehead
Snake:4:  johnstein_snake_rune_scales, layout_misc_corridors
Orc:1:    layout_caves, ebering_ghost_xom, nicolae_shop_gadgets
Orc:2:    kennysheep_orc_mage_school, layout_caves, minmay_orc_temple_b
Elf:1:    layout_loops_cross, minmay_elf_annihilation
Elf:2:    layout_onion_city, serial_shops, nicolae_square_shop,
          nicolae_lakefront_shop, shop_fountains, nicolae_shop_statue_plus,
          nicolae_stop_n_shop_2
Elf:3:    minmay_elf_hall, layout_loops_corners, uniq_roxanne
Vaults:1: vaults_room_grunt_arrival_checkpoint, ontoclasm_vaults_twist,
          nicolae_vaults_windows_and_doors_thing, ontoclasm_vaults_gateway,
          v_alt_pattern_1, hangedman_vaults_unwind,
          nicolae_vaults_specimen_jars, hangedman_vaults_river_flow, v_misc_29,
          v_misc_5, ontoclasm_vaults_shuriken, layout_vaults_omnibox,
          serial_shops, shop
Vaults:2: minmay_crypt_entry_necro_gods, ontoclasm_vaults_fault,
          nicolae_vaults_network_square, ontoclasm_vaults_claustrophobia,
          nicolae_vaults_triangles, vaults_dpeg_cross, dpeg_vaults_monster_box,
          nicolae_vaults_what_the_h, nicolae_vaults_little_squares_4,
          ontoclasm_vaults_ring_small, v_misc_14, layout_vaults_omnicross,
          enter_trove_3, uniq_mennas
Vaults:3: st_octagons_1, grunt_vaults_bifocal, ontoclasm_vaults_ring_square,
          nicolae_vaults_twisting_passages, nicolae_vaults_network_quincunx
          [nicolae_vaults_network_quincunx_subvault,
          nicolae_vaults_network_quincunx_subvault,
          nicolae_vaults_network_quincunx_subvault,
          nicolae_vaults_network_quincunx_subvault,
          nicolae_vaults_network_quincunx_subvault], v_misc_2,
          vaults_dpeg_diagonal, v_rooms_2, vaults_room_corners,
          vaults_mumra_chevron, nicolae_vaults_three_branches,
          grunt_vaults_hallway_long, ontoclasm_vaults_ligature,
          layout_vaults_maze, uniq_donald
Vaults:4: vaults_room_hallway, v_misc_5, nicolae_vaults_stairing_the_circle,
          vaults_door_vault, hangedman_vaults_stream, ontoclasm_vaults_chip,
          vaults_room_pool, nicolae_vaults_diagonal_hallway_8,
          hangedman_vaults_stitches, layout_vaults_big_room
Depths:1: minmay_central_circle, layout_basic, grunt_hell_entry_dis_mu,
          minmay_room_of_horrors, corexii_hall_statues_l,
          nicolae_yredelemnul_corpse_copse, uniq_mara

Skill      XL: |  1  2  3  4  5  6  7  8  9 10 11 12 13 14 15 16 17 18 19 20 21 22 23 |
---------------+----------------------------------------------------------------------+-----
Shields        | 4 7 12 17 20 21 22 23 24 | 24.0
Maces & Flails | 3 4 5 7 8 10 12 14 15 16 17 18 19 20 | 20.5
Invocations    | 3 6 8 10 | 10.0
Stealth        | 3 5 |  5.0
Dodging        | 2 3 5 7 |  7.0
Armour         | 4 7 10 12 13 14 15 16 17 18 | 18.9
Fighting       | 4 7 11 12 13 14 15 16 17 18 | 18.9
Throwing       | 4 |  4.0

Action                   |  1- 3 |  4- 6 |  7- 9 | 10-12 | 13-15 | 16-18 | 19-21 | 22-24 || total
-------------------------+-------+-------+-------+-------+-------+-------+-------+-------++-------
Melee: Flail             |   156 |   188 |   221 |       |       |       |       |       ||   565
       Mace              |       |       |   247 |   781 |  1560 |  1902 |       |       ||  4490
       Headbutt          |       |       |    59 |   203 |   588 |   718 |       |       ||  1568
       Unarmed           |       |       |       |       |    17 |       |       |       ||    17
       Demon whip        |       |       |       |       |       |   607 |   397 |       ||  1004
       Eveningstar       |       |       |       |       |       |       |  1695 |  1164 ||  2859
Throw: Dart              |       |     4 |       |    11 |     5 |     7 |       |       ||    27
Invok: Heroism           |       |       |     4 |    19 |    33 |    35 |    13 |    14 ||   118
       Finesse           |       |       |       |     4 |    11 |    14 |     4 |     5 ||    38
Evoke: Wand              |       |       |       |     4 |     7 |       |       |     1 ||    12
       Phial of floods   |       |       |       |       |     1 |       |       |       ||     1
  Use: Potion            |     1 |       |     6 |     8 |     4 |     3 |       |     2 ||    24
       Scroll            |       |       |    15 |     2 |     7 |     9 |    14 |     5 ||    52
 Stab: Sleeping          |       |       |       |     5 |    12 |     5 |     5 |       ||    27
       Petrified         |       |       |       |       |     9 |       |       |       ||     9
       Distracted        |       |       |       |       |     3 |       |     2 |       ||     5
       Confused          |       |       |       |       |     1 |       |       |       ||     1
       Invisible         |       |       |       |       |       |       |     6 |       ||     6
       Paralysed         |       |       |       |       |       |       |       |     4 ||     4
Armor: Scale mail        |    86 |    77 |       |       |   484 |  1203 |   208 |       ||  2058
       Leather armour    |       |    10 |   282 |    90 |       |       |       |       ||   382
       Ring mail         |       |       |       |   277 |   478 |       |       |       ||   755
       Chain mail        |       |       |       |       |       |       |    93 |       ||    93
       Gold dragon scale |       |       |       |       |       |       |   373 |   496 ||   869
Dodge: Dodged            |    47 |    52 |   239 |   341 |   846 |   646 |   561 |   347 ||  3079
       Repelled          |       |       |       |       |       |    12 |    60 |     7 ||    79
Block: Kite shield       |    98 |    98 |   219 |       |       |  1163 |  1698 |  1222 ||  4498
       Buckler           |       |       |    37 |   139 |   478 |   256 |       |       ||   910
       Reflection        |       |       |       |       |       |     9 |       |       ||     9

Table legend: (Time is in decaauts)
 A = Elapsed time spent in this place.
 B = Non-inter-level travel time spent in this place.
 C = Inter-level travel time spent in this place.
 D = Time resting spent in this place.
 E = Time spent auto-exploring this place.
 F = Levels seen in this place.
 G = Mean time per level.
                   A        B        C        D        E       F      G
               +--------+--------+--------+--------+--------+-----+--------+
         Total |  53263 |  46056 |   7207 |   4962 |  27184 |  43 | 1238.7 |
       Dungeon |  22235 |  18119 |   4116 |   2672 |  11005 |  15 | 1482.3 |
          Lair |   7437 |   6296 |   1141 |    137 |   4161 |   6 | 1239.5 |
         Swamp |   4106 |   3783 |    323 |    738 |   1842 |   4 | 1026.5 |
     Snake Pit |   4728 |   4352 |    376 |    166 |   2791 |   4 | 1182.0 |
  Orcish Mines |   1584 |   1307 |    277 |     24 |    884 |   2 |  792.0 |
   Elven Halls |   4625 |   4362 |    263 |    619 |   1981 |   3 | 1541.7 |
        Vaults |   6177 |   5470 |    707 |    288 |   3586 |   4 | 1544.2 |
        Depths |    220 |    220 |      0 |      0 |    130 |   1 |  220.0 |
         Abyss |    506 |    506 |      0 |    101 |      7 |   2 |  253.0 |
         Sewer |    900 |    900 |      0 |     89 |    522 |   1 |  900.0 |
      Gauntlet |    742 |    742 |      0 |    127 |    275 |   1 |  742.0 |
               +--------+--------+--------+--------+--------+-----+--------+

Top non-repeatable levels by time:
   Elf:3: 2124 daAuts
     D:4: 2032 daAuts
     D:1: 1863 daAuts
     D:5: 1862 daAuts
    D:14: 1786 daAuts
    D:11: 1763 daAuts
Vaults:3: 1717 daAuts
Vaults:2: 1567 daAuts
     D:9: 1542 daAuts
     D:2: 1481 daAuts
Vaults:4: 1452 daAuts
Vaults:1: 1439 daAuts
     D:3: 1436 daAuts
     D:8: 1420 daAuts
     D:7: 1404 daAuts
